[Event "*** Titled Tuesday Blitz"]
[Site "Chess.com"]
[Date "2021.02.09"]
[Round "1"]
[White "LEGENYA1998"]
[Black "Artem_Sadovsky"]
[Result "1/2-1/2"]
[WhiteElo "2230"]
[BlackElo "2536"]
[TimeControl "180+1"]
[EndTime "10:08:06 PST"]
[Termination "Game drawn - insufficient material"]

1. e4 g6 2. Nf3 Bg7 3. Nc3 c6 4. d4 d5 5. e5 h5 6. Bd3 Nh6 7. Ne2 Bg4 8. Be3 Nf5 9. Qd2 Bxf3 10. gxf3 e6 11. Bxf5 gxf5 12. Rg1 Bf8 13. Bg5 Be7 14. h4 Nd7 15. O-O-O Nf8 16. Nf4 Qd7 17. Bxe7 Qxe7 18. Rg5 O-O-O 19. Rdg1 Nd7 20. Rg7 Qxh4 21. Rxf7 Rhg8 22. Rf1 Rde8 23. Rh7 Qg5 24. Rxh5 Qg7 25. b3 Rh8 26. Rfh1 Rxh5 27. Rxh5 b6 28. Rh3 Kb7 29.
Rg3 Qh6 30. Nd3 Qf8 31. Kb2 a5 32. Qg5 a4 33. Qg7 a3+ 34. Kc1 Re7 35. Qxf8 Nxf8 36. Rg8 Nd7 37. Nf4 c5 38. c3 b5 39. Rg6 b4 40.
Kd2 bxc3+ 41. Kxc3 cxd4+ 42. Kxd4 Nb8 43. Rxe6 Nc6+ 44.
Kxd5 Nb4+ 45. Kc4 Rxe6 46. Nxe6 Nxa2 47. b4 Nxb4 48. Kb3 a2 49. Kb2 Kc6 50. Nd4+ Kd5 51. e6 Kd6 52. f4 Nd5 53. Kxa2 Nxf4 54. Nxf5+ Kxe6 55. Ne3 Ke5 56. Kb3 Ke4 57. Nf1 Kf3 58.
Nd2+ Kxf2 1/2-1/2

[Event "*** Titled Tuesday Blitz"]
[Site "Chess.com"]
[Date "2021.02.09"]
[Round "1"]
[White "vladimirdamjanovic"]
[Black "Piccadilly123"]
[Result "1-0"]
[WhiteElo "2517"]
[BlackElo "2189"]
[TimeControl "180+1"]
[EndTime "10:08:06 PST"]
[Termination "vladimirdamjanovic won by resignation"]

1. d4 Nf6 2. Nc3 d5 3. Bf4 e6 4. Nb5 Na6 5. e3 c6 6. Nc3 Nc7 7. Nf3 Bd6 8. Bd3 O-O 9. Ne5 Nd7 10. Nxf7 Rxf7 11. Bxd6 Ne8 12. Bg3 Qf6 13. O-O c5 14. Bb5 a6 15. Bxd7 Bxd7 16. dxc5 Rc8 17. Qd4 Qg6 18. e4 dxe4 19. Nxe4 Bc6 20. Rae1 Rd7 21. Nd6 Nxd6 22. cxd6 Bb5 23. c3 Bxf1 24. Kxf1 b5 25. Kg1 Qc2 26. Qg4 Re8 27. h4 Kf7 28. Qh5+ Qg6 29. Qf3+ Qf5 30. Qc6 Red8 31. Re3 Qd5 32.
Rf3+ Kg6 33. Qxa6 e5 34. Qa5 Rxd6 35. Re3 Re6 36. Kh2 Rde8 37. Qb4 h5 38. a4 bxa4 39. Qxa4 Kh7 40. c4 Qd4 41. Qc2+ g6 42. b4 Rc8 43. c5 Qxb4 44. Qa2 Rcc6 45. Rxe5 Qxc5 46. Rxe6 Rxe6 47. Qxe6 Qf5 48. Qxf5 gxf5 49. Bf4 Kg6 50. Kg3 Kf6 51. Kf3 Kg6 52. Ke3 Kf6 53. Kd4 Kg6 54. Kd5 Kf6 55.
Kd6 Kg6 56. Ke5 Kg7 57. Kxf5 Kf7 58. Kg5 Kg7 59. Kxh5 1-0

[Event "*** Titled Tuesday Blitz"]
[Site "Chess.com"]
[Date "2021.02.09"]
[Round "1"]
[White "Spartakus1975"]
[Black "sopo-tereladze"]
[Result "1-0"]
[WhiteElo "2605"]
[BlackElo "2292"]
[TimeControl "180+1"]
[EndTime "10:08:07 PST"]
[Termination "Spartakus1975 won on time"]

1. e4 e5 2. Nf3 Nc6 3. Bb5 a6 4. Bxc6 dxc6 5. O-O Bd6 6. d4 Bg4 7. dxe5 Bxf3 8. Qxf3 Bxe5 9. Nd2 Ne7 10. Nc4 Ng6 11. Nxe5 Nxe5 12. Qg3 Ng6 13. f4 Qd4+ 14. Be3 Qxe4 15. Rae1 O-O-O 16. f5 Ne5 17. Bf2 Qxf5 18.
Rxe5 Qxc2 19. Re7 Rd6 20. Qxg7 Rhd8 21. Qxf7 R6d7 22. Rxd7 Rxd7 23. Qe6 Qd3 24. h3 Qd5 25. Re1 b6 26. Kh2 Kb7 27. Bg3 Qd2 28. Re2 Qd3 29. h4 Rg7 30. Qe5 Qd7 31. b3 Qg4 32. Rf2 a5 33. Rf8 Qd7 34. Qe8 Qxe8 35. Rxe8 c5 36. Re6 a4 37. h5 axb3 38. axb3 Rg5 39. h6 Rh5+ 40. Kg1 b5 41. Bf4 c4 42. bxc4 bxc4 43.
Re7 Kb6 44. Rxh7 c5 45. Rg7 c3 46. g4 Rh4 47. h7 c2 48. Kg2 1-0

[Event "*** Titled Tuesday Blitz"]
[Site "Chess.com"]
[Date "2021.02.09"]
[Round "1"]
[White "rpragchess"]
[Black "Rytenko_V"]
[Result "1-0"]
[WhiteElo "2856"]
[BlackElo "2434"]
[TimeControl "180+1"]
[EndTime "10:08:08 PST"]
[Termination "rpragchess won by resignation"]

1. Nf3 d5 2. e3 Nf6 3. c4 c6 4. b3 Bg4 5. Bb2 e6 6. h3 Bh5 7. Nc3 Bd6 8. d4 O-O 9. Bd3 Nbd7 10. O-O Rc8 11. e4 dxe4 12. Nxe4 Nxe4 13. Bxe4 Bg6 14. Re1 Nf6 15. Bxg6 hxg6 16. Ne5 Qc7 17. Qe2 c5 18. Rad1 Rfd8 19. Rd3 Bxe5 20. dxe5 Rxd3 21. Qxd3 Rd8 22.
Qe3 Ne8 23. h4 b6 24. Bc3 Qd7 25. g4 Qd3 26. Kg2 Nc7 27. Kf3 Na6 28. Qxd3 Rxd3+ 29. Re3 Rxe3+ 30. Kxe3 Nb8 31. a3 a5 32. b4 axb4 33.
axb4 Nc6 34. bxc5 bxc5 35. Kd3 Kf8 36. Kc2 Ke7 37. Kb3 Kd7 38. Ka4 Na7 39. Ka5 Kc6 40.
Ka6 Nc8 41. Ba5 Ne7 42. Bd8 Ng8 43. f3 Kd7 44. Ba5 Kc6 45. Ka7 Ne7 46. Bd8 Ng8 47. Kb8 Kd7 48. Bg5 Kc6 49. Kc8 f6 50. Bf4 f5 51. Bg5 fxg4 52. fxg4 Kb6 53. Kd7 Ka5 54.
Kxe6 Kb4 55. Kd5 Kc3 56. e6 1-0

[Event "*** Titled Tuesday Blitz"]
[Site "Chess.com"]
[Date "2021.02.09"]
[Round "1"]
[White "RD4ever"]
[Black "banane_verte"]
[Result "1-0"]
[WhiteElo "2843"]
[BlackElo "2433"]
[TimeControl "180+1"]
[EndTime "10:08:08 PST"]
[Termination "RD4ever won on time"]

1. d4 Nf6 2. c4 e6 3. Nf3 b6 4. a3 Bb7 5. Bf4 Be7 6. Nc3 Ne4 7. Nxe4 Bxe4 8. Nd2 Bb7 9. e4 O-O 10. Bd3 d6 11. O-O Nd7 12. Nf3 f6 13. Be3 e5 14.
Rc1 f5 15. d5 f4 16. Bd2 g5 17.
h3 Qe8 18. Nh2 Qg6 19. b4 Bc8 20. g4 fxg3 21. fxg3 Nf6 22. Kg2 Rf7 23. Qe2 Bd7 24. g4 Raf8 25. Rf5 Bxf5 26. gxf5 Qh5 27. Ng4 Nxg4 28.
hxg4 Qh6 29. Rh1 Qg7 30. Kf3 Bf6 31. Bc2 Re7 32. Ba4 Kf7 33. Bc6 Rh8 34. Rh5 h6 35. Qd1 Rd8 36. Qa4 Kf8 37. Qxa7 Qf7 38. Rxh6 Kg7 39. Rh5 Rh8 40. Rxh8 Kxh8 41. Qb8+ Kg7 42.
a4 Qf8 43. Qxf8+ Kxf8 44. a5 bxa5 45. bxa5 Rh7 46. Kg2 Rh4 47. a6 Rxg4+ 48. Kf2 Rh4 49. a7 Rh2+ 50. Kg3 Rxd2 51. a8=Q+ Kg7 52. Qe8 Rd3+ 53. Kg4 Rd4 54. Qg6+ 1-0

[Event "*** Titled Tuesday Blitz"]
[Site "Chess.com"]
[Date "2021.02.09"]
[Round "1"]
[White "dpopadic"]
[Black "mikolka1985"]
[Result "1-0"]
[WhiteElo "2328"]
[BlackElo "2600"]
[TimeControl "180+1"]
[EndTime "10:08:08 PST"]
[Termination "dpopadic won on time"]

1. e4 e5 2. Nf3 Nc6 3. Bb5 a6 4. Ba4 Nf6 5. Kf1 Be7 6. d3 O-O 7. g3 d5 8. Bxc6 Bh3+ 9. Ke2 bxc6 10.
Be3 Bd6 11. c3 dxe4 12. dxe4 Nxe4 13. Qc2 Bf5 14. Qc1 Qf6 15. Nh4 Be6 16. b3 g5 17.
f3 gxh4 18. fxe4 Bg4+ 19. Kd3 Rad8 20. Kc2 Bf3 21. Rf1 Bxe4+ 22. Kb2 Qe7 23. gxh4 f6 24. Bh6 Rf7 25. a4 Kh8 26. Nd2 Bd3 27.
Rg1 e4 28. Qe1 Be5 29. Rc1 c5 30. Rg4 c4 31. Nxe4 Rb8 32. Nd2 cxb3 33. Qe3 Bf5 34. Rg2 Qd7 35. Qa7 Re8 36. Qxa6 Bd3 37. Qa5 Bc2 38. Rcg1 Qe7 39. Bg7+ Rxg7 40. Rxg7 Qxg7 41.
Rxg7 Kxg7 42. h5 Kh8 43. Qb5 Rg8 44. Qb7 c6 45. Nc4 Be4 46. Nxe5 fxe5 47. Kxb3 Bd5+ 48. Kb4 Rg4+ 49. Kc5 Rg7 50. Qb8+ Rg8 51. Qxe5+ Rg7 52. h6 1-0

[Event "*** Titled Tuesday Blitz"]
[Site "Chess.com"]
[Date "2021.02.09"]
[Round "1"]
[White "yuki_chess123"]
[Black "Beltraxtor"]
[Result "1-0"]
[WhiteElo "2289"]
[BlackElo "2560"]
[TimeControl "180+1"]
[EndTime "10:08:09 PST"]
[Termination "yuki_chess123 won by resignation"]

1. d4 d5 2. c4 c6 3. Nc3 dxc4 4.
e3 b5 5. a4 b4 6. Na2 e6 7. Bxc4 Nf6 8. Nf3 Be7 9. O-O O-O 10. Bd2 a5 11. Nc1 c5 12. dxc5 Bb7 13.
Nb3 Nbd7 14. c6 Bxc6 15. Nfd4 Bb7 16. Qe2 Nb6 17. Bb5 Qd5 18. f3 Bd6 19. Rac1 Qh5 20.
g3 e5 21. Nc6 e4 22. f4 Qxe2 23. Bxe2 Nxa4 24. Nbxa5 Bxc6 25. Nxc6 Nxb2 26. Bxb4 Bxb4 27.
Nxb4 Ra4 28. Nc6 Nd5 29. Kf2 Ra3 30. Rb1 Na4 31. Ra1 Rxa1 32. Rxa1 Nac3 33. Bc4 Rc8 34. Bxd5 Nxd5 35. Ra5 Kf8 36. Nd4 Nf6 37. h3 h5 38.
Ra2 Rb8 39. Rc2 g6 40. Ke2 Nd5 41. Rc5 Nf6 42. Rc6 Nd5 43. Rc2 Rb2 44. Rxb2 Kg7 45.
Rb5 Nc3+ 46. Kd2 Nxb5 47. Nxb5 Kf6 48. Kc3 Kf5 49. Kd4 f6 50. Nc3 Ke6 51. Nxe4 Kf5 52.
Nxf6 1-0

[Event "*** Titled Tuesday Blitz"]
[Site "Chess.com"]
[Date "2021.02.09"]
[Round "1"]
[White "Sharpchess22"]
[Black "Slovak_fighter2000"]
[Result "1/2-1/2"]
[WhiteElo "2708"]
[BlackElo "2388"]
[TimeControl "180+1"]
[EndTime "10:08:11 PST"]
[Termination "Game drawn by repetition"]

1. c4 e5 2. Nc3 Nf6 3. Nf3 Nc6 4. e3 Bb4 5. Qc2 Bxc3 6. Qxc3 d6 7. d4 exd4 8. exd4 O-O 9. Be2 Re8 10. h3 Qe7 11.
Be3 Ne4 12. Qc1 Bf5 13. O-O a5 14. Re1 Qf6 15. d5 Ne5 16. Nd4 Bg6 17. f4 Nd7 18. Bg4 Ndc5 19. Qd1 h6 20. f5 Bh7 21. Rc1 Qe5 22.
b3 Qg3 23. Bf3 Ng5 24. Bxg5 Qxg5 25. Qc2 Re3 26. Rcd1 Rae8 27. Rf1 Qg3 28. Qf2 Qe5 29. Qc2 Qg3 30. Nb5 R8e7 31. Bg4 Re1 32. Rdxe1 Rxe1 33. Qf2 Rxf1+ 34. Kxf1 Qd3+ 35. Kg1 Ne4 36. Qf4 Qb1+ 37. Kh2 g5 38. Qe3 Nf6 39. Nd4 Kg7 40. a4 h5 41.
Qxg5+ Kf8 42. Bxh5 Nxh5 43. Qxh5 Qe4 44. Qg4 Qd3 45. Qf4 Kg7 46. g4 Qc3 47. Kg2 Qb2+ 48. Kg3 Qc3+ 49. Kh4 Qe1+ 50. Qg3 Qe7+ 51. g5 Qe4+ 52.
Qg4 Qe1+ 53. Qg3 Qe4+ 54. Qg4 Qe1+ 55. Qg3 Qe4+ 1/2-1/2

[Event "*** Titled Tuesday Blitz"]
[Site "Chess.com"]
[Date "2021.02.09"]
[Round "1"]
[White "ecwinslow"]
[Black "googlegoom"]
[Result "1/2-1/2"]
[WhiteElo "2256"]
[BlackElo "2551"]
[TimeControl "180+1"]
[EndTime "10:08:11 PST"]
[Termination "Game drawn by repetition"]

1. d4 d5 2. c4 c6 3. Nc3 Nf6 4. Nf3 e6 5. e3 Nbd7 6. Bd3 Bd6 7. O-O O-O 8. e4 dxc4 9. Bxc4 e5 10. h3 Qe7 11. d5 Rd8 12. dxc6 bxc6 13. Qe2 Nc5 14. Rd1 Ne6 15. Be3 c5 16. Nd5 Nxd5 17. Bxd5 Rb8 18. b3 Nd4 19. Bxd4 cxd4 20. Rac1 Bd7 21.
Nd2 Ba3 22. Rc2 Rdc8 23. Nc4 Bb4 24. Qh5 Bd6 25. Kh1 g6 26. Qh6 Qf6 27. Rdc1 Bf8 28.
Qd2 Kg7 29. Kh2 Bb4 30. Qe2 Bc3 31. g3 Re8 32. Rf1 Re7 33. Qd3 Qg5 34. f4 exf4 35. gxf4 Qh4 36. Rg2 Rbe8 37. Qf3 f5 38. e5 Rd8 39.
Nd6 Bb4 40. Nc4 Be6 41. Bxe6 Rxe6 42. Qd3 Bc5 43. Rf3 Qe7 44. Rf1 Ra6 45. Rc1 Rc6 46.
Rgc2 Rc7 47. a3 Rdc8 48. b4 Bb6 49. Nd6 Rxc2+ 50. Rxc2 Rxc2+ 51. Qxc2 Bc7 52. Qc6 Bxd6 53. exd6 Qe2+ 54. Kg3 Qe3+ 55. Kg2 Qe2+ 56. Kg3 Qe1+ 57. Kg2 Qd2+ 58. Kg3 Qc3+ 59. Qxc3 dxc3 60. d7 c2 61. d8=Q c1=Q 62. Qe7+ Kg8 63. Qe8+ Kg7 64. Qe7+ Kh6 65.
Qg5+ Kg7 66. Qe7+ 1/2-1/2

[Event "*** Titled Tuesday Blitz"]
[Site "Chess.com"]
[Date "2021.02.09"]
[Round "1"]
[White "Happy1712Drummer"]
[Black "Airquake"]
[Result "1-0"]
[WhiteElo "2369"]
[BlackElo "2664"]
[TimeControl "180+1"]
[EndTime "10:08:13 PST"]
[Termination "Happy1712Drummer won on time"]

1. Nf3 c5 2. e4 d6 3. d4 cxd4 4. Qxd4 Bd7 5. c4 Nc6 6. Qd2 Nf6 7. Nc3 g6 8. h3 Bg7 9. Bd3 O-O 10. b3 Rc8 11.
Bb2 Qa5 12. Rc1 Rfd8 13. O-O Qh5 14. Qe2 Bxh3 15. gxh3 Qxh3 16. Nh2 Bh6 17. Qf3 Qxf3 18. Nxf3 Bxc1 19. Rxc1 Ng4 20. Nd5 Kf8 21. Be2 Nge5 22. Nd2 e6 23. Nf6 Kg7 24. Ng4 f6 25. Ne3 g5 26. Ndf1 Ng6 27. Ng3 Nf4 28. Nh5+ Kg6 29.
Nxf4+ gxf4 30. Ng2 Kg5 31. Rd1 Ne5 32. Bc1 Ng6 33.
Kh2 e5 34. Ne1 f5 35. Nf3+ Kf6 36. Bd3 Ne7 37. Nh4 fxe4 38. Bxe4 b6 39. Ba3 Ke6 40. Nf3 h6 41. Nh4 a6 42. Ng6 Nxg6 43. Bxg6 b5 44. Be4 bxc4 45. Bd5+ Kf6 46. bxc4 Rb8 47. Rg1 Kf5 48.
f3 Kf6 49. Be4 Rg8 50. Rxg8 Rxg8 51. Bxd6 Rc8 52. c5 Ke6 53. Bd3 a5 54. Bc4+ Kd7 55.
Bb5+ Ke6 56. Kh3 Rg8 57. Bc4+ 1-0

[Event "*** Titled Tuesday Blitz"]
[Site "Chess.com"]
[Date "2021.02.09"]
[Round "1"]
[White "davidkalashian"]
[Black "Homino"]
[Result "1-0"]
[WhiteElo "2595"]
[BlackElo "2285"]
[TimeControl "180+1"]
[EndTime "10:08:13 PST"]
[Termination "davidkalashian won on time"]

1. d4 Nf6 2. c4 c5 3. Nf3 g6 4.
Nc3 cxd4 5. Nxd4 Nc6 6. g3 Bg7 7. Bg2 O-O 8. O-O Nxd4 9. Qxd4 d6 10. b3 Be6 11. Bb2 Nd7 12. Qd2 Nc5 13. Rad1 a5 14.
Nd5 Bxd5 15. Bxd5 Bxb2 16. Qxb2 Qb6 17. h4 h5 18. Rfe1 Qb4 19. Rb1 a4 20. a3 Qxb3 21. Qd2 Qxa3 22. Ra1 Nb3 23. Qd3 Qb2 24. Qxg6+ Qg7 25.
Qxg7+ Kxg7 26. Ra3 Nc5 27. Rb1 Ra7 28. Rb4 e6 29. Bf3 Rfa8 30. Bxh5 Kf6 31. Bf3 Ke5 32. h5 d5 33. cxd5 exd5 34. Rb5 Kd6 35. Rc3 Rc8 36.
Rb6+ Rc6 37. Rb1 a3 38. Ra1 a2 39. Rc2 Rca6 40. Rd2 Nb3 41. Rxd5+ Ke7 42. Rxa2 Rxa2 43.
e3 Ra1+ 44. Kg2 Ra8 45. Rb5 Nd2 46. Rxb7+ Kf8 47. Bd5 R1a7 48. Rb2 Rd8 49. Rxd2 Rad7 50. e4 Kg7 51. g4 Kf6 52. f4 Rb8 53. g5+ Kg7 54.
h6+ Kf8 55. Kg3 Rc8 56. Kg4 Rc1 57. Kf5 Rh1 58. Rb2 Ke7 59. Rb8 1-0

[Event "*** Titled Tuesday Blitz"]
[Site "Chess.com"]
[Date "2021.02.09"]
[Round "1"]
[White "annacramling"]
[Black "Grimlock_Glasgow"]
[Result "0-1"]
[WhiteElo "2106"]
[BlackElo "2494"]
[TimeControl "180+1"]
[EndTime "10:08:13 PST"]
[Termination "Grimlock_Glasgow won on time"]

1. d4 e6 2. c4 f5 3. Nc3 Nf6 4.
e3 b6 5. Nf3 Bb4 6. Qc2 Ne4 7.
Be2 O-O 8. O-O Bxc3 9. bxc3 Bb7 10. Rb1 Rf6 11. c5 Rh6 12. cxb6 axb6 13. c4 Ng5 14. e4 Bxe4 15. Bxg5 Bxc2 16. Bxd8 Bxb1 17. Rxb1 Rxa2 18. Bf1 Na6 19. c5 bxc5 20. Bxa6 Rxa6 21. dxc5 Rh5 22.
Bxc7 h6 23. h3 f4 24. Bd6 Rd5 25. Rb8+ Kh7 26. Rb7 Ra5 27. Rxd7 Raxc5 28. Bxc5 Rxd7 29. g3 Rd5 30. Be7 fxg3 31. fxg3 Kg6 32. Kf2 Ra5 33. h4 Kf5 34. Nd4+ Ke4 35. Nxe6 Re5 36. Nc5+ Kd5 37. Bf8 Rf5+ 38. Ke3 Rxf8 39. Nd7 Re8+ 40. Kf4 Kc6 41. Ne5+ Kd5 42. Ng6 Ke6 43. g4 Ra8 44. h5 Ra4+ 45. Kf3 Kf6 46. Nf4 Kg5 47. Ne6+ Kh4 48.
Nxg7 Rxg4 49. Nf5+ Kxh5 50. Ng3+ Kg5 51. Ne4+ Kf5 52.
Nd6+ Kg5 53. Nf7+ Kh5 54. Nxh6 Rg5 55. Nf7 Rf5+ 0-1

[Event "*** Titled Tuesday Blitz"]
[Site "Chess.com"]
[Date "2021.02.09"]
[Round "1"]
[White "AwareIdea"]
[Black "Beca95"]
[Result "0-1"]
[WhiteElo "2451"]
[BlackElo "2906"]
[TimeControl "180+1"]
[EndTime "10:08:15 PST"]
[Termination "Beca95 won on time"]

1. d4 Nf6 2. Bf4 d6 3. e3 g6 4. Nc3 Bg7 5. h4 h6 6. Nf3 Bg4 7. Be2 Nc6 8. Bh2 a6 9. Qd2 O-O 10. a3 b5 11. Ng1 Bxe2 12. Ngxe2 e5 13. dxe5 Nxe5 14. Bxe5 dxe5 15. Qxd8 Rfxd8 16. Rd1 Rxd1+ 17. Nxd1 Ne4 18. Ndc3 Nxc3 19. Nxc3 e4 20. Nd1 Rd8 21. c3 f5 22. f3 exf3 23. gxf3 Kf7 24. Ke2 c5 25. Nf2 c4 26. Nh3 Be5 27. f4 Bc7 28.
Ng1 Re8 29. Kd2 Bb6 30. Rh3 Rd8+ 31. Ke2 Rd3 32. Rg3 a5 33. Nh3 b4 34. axb4 axb4 35.
Nf2 Rd5 36. Rg1 bxc3 37. bxc3 Rb5 38. Nd1 Bd8 39. Rh1 h5 40. Kf3 Bf6 41. e4 fxe4+ 42. Kxe4 Rb1 43. Kd5 Bxc3 44. Kxc4 Bf6 45. Kd3 Be7 46.
Ke4 Kf6 47. Rf1 Rb4+ 48. Kf3 Bc5 49. Kg3 Kf5 50. Rf3 Re4 51. Nc3 Rd4 52. Ne2 Rd2 53. Nc3 Bd6 54. Nb5 Bb8 55. Nc3 Rd4 0-1

[Event "*** Titled Tuesday Blitz"]
[Site "Chess.com"]
[Date "2021.02.09"]
[Round "1"]
[White "lamomiablanca"]
[Black "anantone"]
[Result "0-1"]
[WhiteElo "2279"]
[BlackElo "2589"]
[TimeControl "180+1"]
[EndTime "10:08:17 PST"]
[Termination "anantone won by checkmate"]

1. e4 e6 2. d4 d5 3. Nd2 Nf6 4. e5 Nfd7 5. Bd3 c5 6. c3 Nc6 7.
Ngf3 Be7 8. O-O g5 9. Qe2 g4 10. Ne1 cxd4 11. cxd4 Nxd4 12. Qxg4 Nc6 13. f4 Nc5 14.
Bc2 Qb6 15. Kh1 Bd7 16. Nef3 O-O-O 17. Nb3 Nb4 18. Bd1 Ne4 19. Nfd4 Rhg8 20. Qf3 Kb8 21. Be3 Qa6 22. Be2 Qa4 23. Rfd1 Rc8 24. Qf1 Nc2 25.
Nxc2 Rxc2 26. Nd4 Rxb2 27. Rab1 Rxb1 28. Rxb1 Nc3 29. Rb3 Nxe2 30. Qxe2 Bc5 31. Qb2 b6 32. h3 Qc4 33. Kh2 Ba4 34. Rc3 Bxd4 35. Bxd4 Qf1 36. Rf3 Qb5 37. Qd2 Qc4 38. Bc3 Qe4 39. Re3 Qxf4+ 40.
g3 Qc4 41. Bd4 Bb5 42. Re1 Rc8 43. Qg2 Qc2 44. Bf2 Qxa2 45. Re3 Rc2 46. Rf3 Bd3 47. Rxf7 Bf5 48. Rf8+ Kb7 49. Kg1 Be4 50. Qf1 Qb2 51. Rf7+ Kc6 52. Be1 Rg2+ 53. Kh1 Rf2+ 54. Rf3 Rxf3 55.
Qa6 Rf1# 0-1

[Event "*** Titled Tuesday Blitz"]
[Site "Chess.com"]
[Date "2021.02.09"]
[Round "1"]
[White "youngKID"]
[Black "mr_gustavo"]
[Result "1-0"]
[WhiteElo "2840"]
[BlackElo "2423"]
[TimeControl "180+1"]
[EndTime "10:08:19 PST"]
[Termination "youngKID won on time"]

1. Nf3 Nf6 2. g3 g6 3. c4 Bg7 4. Nc3 O-O 5. Bg2 d6 6. d4 Bf5 7. O-O Ne4 8. Bd2 Nxd2 9. Qxd2 c6 10. h3 d5 11. b3 dxc4 12. bxc4 Be6 13. Qd3 Na6 14. Rab1 Qc8 15. Kh2 Rd8 16. e3 Nc7 17.
Rfd1 c5 18. d5 Bd7 19. e4 a6 20. Rb6 Rb8 21. e5 Na8 22. Rb3 Bf5 23. Qe2 Nc7 24.
a4 b5 25. axb5 axb5 26. cxb5 Na8 27. Nd2 Nb6 28. Rc1 Qc7 29. f4 c4 30. Rb2 Bd3 31.
Qf2 Qa7 32. Bf1 Bxf1 33. Nxf1 Qa3 34. Ne3 Bf8 35. Rbc2 e6 36. d6 Qc5 37. Ne4 Qxb5 38.
Nf6+ Kh8 39. Nxc4 Nxc4 40. Rxc4 Qa6 41. g4 Qa3 42. R4c3 Qb4 43. Qg3 Bh6 44. g5 Bf8 45. R1c2 Qb1 46. Rc1 Qb2+ 47. R3c2 Qb4 48. h4 Ra8 49.
Qf3 Ra3 50. Rc3 Ra2+ 51. R1c2 Ra1 52. h5 Qb1 53. hxg6 Qg1+ 54. Kh3 fxg6 55. Rc7 Bg7 56. Rc8 1-0

[Event "*** Titled Tuesday Blitz"]
[Site "Chess.com"]
[Date "2021.02.09"]
[Round "1"]
[White "krzyzan94"]
[Black "Piotrek1979"]
[Result "1-0"]
[WhiteElo "2695"]
[BlackElo "2367"]
[TimeControl "180+1"]
[EndTime "10:08:19 PST"]
[Termination "krzyzan94 won on time"]

1. d4 Nf6 2. Nf3 g6 3. Bg5 Bg7 4. Nc3 c5 5. dxc5 Na6 6. Qd4 O-O 7. O-O-O Qa5 8. Qh4 Nxc5 9. Bh6 d6 10. Bxg7 Kxg7 11.
Kb1 Be6 12. Nd4 b5 13. Nxe6+ fxe6 14. e3 b4 15. Ne2 Nfe4 16. f3 Nc3+ 17. Nxc3 bxc3 18.
Qd4+ e5 19. Qxc3 Qxc3 20. bxc3 Rab8+ 21. Kc1 Na4 22. c4 Nc3 23. Rd3 Nxa2+ 24. Kd2 Rb1 25. Ra3 Ra1 26. Rxa7 Rb8 27. g3 Rbb1 28. Bg2 Rxh1 29. Bxh1 Rxh1 30. Rxa2 Rxh2+ 31. Kd3 h5 32. Ra7 Kf6 33. Ra6 Kf7 34. c5 dxc5 35. Rc6 Rg2 36. g4 h4 37. Rc8 Kg7 38. Ra8 h3 39. Ra1 h2 40. Rh1 Kf6 41. f4 exf4 42. exf4 g5 43.
Ke4 gxf4 44. Kxf4 e5+ 45. Kf3 Rxc2 46. Kg3 Kg5 47. Rf1 Rc3+ 48. Kxh2 Kxg4 49. Rf8 e4 50. Kg2 e3 51. Kf1 Rc2 52. Ke1 c4 53. Rf7 Rd2 54. Rc7 Rc2 55. Rf7 1-0

[Event "*** Titled Tuesday Blitz"]
[Site "Chess.com"]
[Date "2021.02.09"]
[Round "1"]
[White "MFBerna"]
[Black "DonPreuss"]
[Result "1-0"]
[WhiteElo "2531"]
[BlackElo "2213"]
[TimeControl "180+1"]
[EndTime "10:08:23 PST"]
[Termination "MFBerna won on time"]

1. d4 Nf6 2. c4 e6 3. Nc3 Bb4 4. Qc2 d5 5. a3 Bxc3+ 6. Qxc3 Nbd7 7. Bf4 c6 8. e3 O-O 9. Bd3 dxc4 10. Qxc4 Nb6 11. Qc2 Nbd5 12. Bg3 h6 13. Nf3 Nh5 14.
Be5 f6 15. Bg3 Nxg3 16. hxg3 Qa5+ 17. Qd2 Qxd2+ 18. Kxd2 Bd7 19. Rac1 Rac8 20. e4 Nb6 21. Ke3 Rfd8 22. Nd2 Be8 23. f4 Bg6 24. b4 a6 25.
g4 Rd7 26. Nb3 Rcd8 27. Rhd1 Na4 28. Be2 Bf7 29. Na5 Kf8 30. Rd2 Nb6 31. Rcd1 Ke7 32. Bxa6 bxa6 33. Nxc6+ Ke8 34. Nxd8 Rxd8 35. Rc1 Rc8 36.
Rxc8+ Nxc8 37. Rc2 Kd7 38. a4 h5 39. gxh5 Bxh5 40.
b5 Bd1 41. Rc1 Bxa4 42. bxa6 Na7 43. Rb1 Bc6 44. Rb8 Kc7 45. Rg8 Kb6 46. Rxg7 Kxa6 47. Rg6 Kb7 48. Rxf6 Bd7 49. Rf7 Kc6 50. g4 Nb5 51. g5 Nd6 52. Re7 Nc8 53. Rg7 Nd6 54.
g6 Nc4+ 55. Kf3 Nd2+ 56. Ke3 Nc4+ 57. Kd3 Nd6 58. Rxd7 Kxd7 59. g7 1-0

[Event "*** Titled Tuesday Blitz"]
[Site "Chess.com"]
[Date "2021.02.09"]
[Round "1"]
[White "Problematique_99"]
[Black "JiiHart"]
[Result "1/2-1/2"]
[WhiteElo "2478"]
[BlackElo "2096"]
[TimeControl "180+1"]
[EndTime "10:08:24 PST"]
[Termination "Game drawn - timeout vs insufficient material"]

1. e4 c5 2. Nc3 Nc6 3. f4 e6 4. Nf3 d5 5. Bb5 Be7 6. O-O h5 7. Ne5 Bd7 8. Bxc6 Bxc6 9. f5 exf5 10. Rxf5 Nf6 11. Nxc6 bxc6 12. e5 Ng4 13. h3 Nh6 14. Rf1 Qd7 15. Qxh5 O-O-O 16. Qe2 g6 17. Qa6+ Kb8 18. d3 Nf5 19. Bf4 Ka8 20. Na4 Qb7 21.
Qxb7+ Kxb7 22. Rae1 Nd4 23. c3 Ne6 24. Be3 Rh4 25.
Rxf7 Rd7 26. b3 d4 27. Bf2 Rf4 28. Rxf4 Nxf4 29. cxd4 cxd4 30. Re4 Nxd3 31. Rxd4 Rxd4 32. Bxd4 a5 33. Kf1 c5 34. Bc3 Kc6 35. Bxa5 Kd5 36.
Bc3 Nxe5 37. Bxe5 Kxe5 38. Ke2 Kd4 39. Nb6 Bf6 40. a4 Kc3 41. Nd5+ Kxb3 42. Nxf6 Kxa4 43.
Ne4 c4 44. Kd2 Kb5 45. Kc3 Kc6 46. Kxc4 Kd7 47. Kd4 Ke6 48. g4 Kf7 49. Ke5 Kg7 50. Kf4 Kf7 51. Kg5 Kg7 52. Nd6 Kh7 53. Kf6 Kh6 54. Nf7+ Kh7 55. g5 Kg8 56. Kxg6 Kf8 57. Nh6 Ke7 1/2-1/2

[Event "*** Titled Tuesday Blitz"]
[Site "Chess.com"]
[Date "2021.02.09"]
[Round "1"]
[White "JSMastropiero"]
[Black "Gloomy_Wanderer"]
[Result "1-0"]
[WhiteElo "2417"]
[BlackElo "2718"]
[TimeControl "180+1"]
[EndTime "10:08:25 PST"]
[Termination "JSMastropiero won by resignation"]

1. e4 c5 2. Nc3 a6 3. Nf3 e6 4. g3 b5 5. Bg2 Bb7 6. d3 Nf6 7. O-O d5 8. exd5 Nxd5 9. Nxd5 Bxd5 10. a4 Nd7 11. Re1 Be7 12. Nd2 Nb6 13. axb5 axb5 14. Rxa8 Qxa8 15. Bxd5 Qxd5 16. Qf3 Qxf3 17. Nxf3 O-O 18.
Be3 Ra8 19. Ne5 Nd5 20. Nc6 Bd6 21. c4 Nxe3 22. Rxe3 bxc4 23. dxc4 Ra6 24. Ne5 Kf8 25. Nd3 Ke7 26. Kg2 g5 27. b4 Ra4 28. bxc5 Bc7 29. Ne5 f6 30. Nc6+ Kd7 31. Nd4 e5 32. c6+ Kc8 33.
Nf5 Rxc4 34. Rd3 Kb8 35. Rd7 Rxc6 36. Rxh7 e4 37. g4 Rc2 38. Re7 Bb6 39. Rxe4 Rxf2+ 40. Kg3 Rb2 41. Nd4 Bc7+ 42. Kf3 Rxh2 43. Re6 Rh3+ 44.
Ke4 Be5 45. Nc6+ Kc8 46. Nxe5 fxe5 47. Rxe5 Kd7 48. Kf5 Rh8 49. Kxg5 Rg8+ 50. Kf5 Rf8+ 51. Ke4 Rf1 52. g5 Re1+ 53. Kf5 Rf1+ 54. Kg6 Rf8 55. Re2 Rf1 56. Kg7 Kd6 57. g6 Kd7 58. Kg8 Rg1 59.
g7 Kd6 60. Re4 Kd5 61. Rh4 1-0

[Event "*** Titled Tuesday Blitz"]
[Site "Chess.com"]
[Date "2021.02.09"]
[Round "1"]
[White "PavelShkapenko"]
[Black "Matensien"]
[Result "1/2-1/2"]
[WhiteElo "2706"]
[BlackElo "2385"]
[TimeControl "180+1"]
[EndTime "10:08:25 PST"]
[Termination "Game drawn by agreement"]

1. e4 e5 2. Nf3 Nc6 3. Bc4 Bc5 4. c3 Nf6 5. d4 exd4 6. b4 Be7 7. e5 Ng4 8. cxd4 Bxb4+ 9. Nbd2 d5 10. Bb5 O-O 11. O-O Bc3 12. Ba3 Nxd4 13. Bxf8 Nxf3+ 14. Nxf3 Bxa1 15. Bb4 Bxe5 16. Nxe5 Nxe5 17. Re1 Nc6 18. Qxd5 Be6 19. Qxd8+ Rxd8 20. Bxc6 bxc6 21. a3 h5 22. h3 Rd3 23.
Rc1 Bd5 24. Rc5 Rd1+ 25. Kh2 Rf1 26. Rc2 g5 27. Bc5 a6 28. Be7 g4 29. hxg4 hxg4 30. Kg3 Rg1 31. Kxg4 Rxg2+ 32. Kf4 Kg7 33. Bc5 Rg1 34.
Be3 Rh1 35. Rc3 Rh4+ 36. Kg3 Ra4 37. Bc5 Rc4 38. Rxc4 Bxc4 39. Kf4 Kf6 40. Ke4 Ke6 41.
Kd4 Bf1 42. Bb4 Kd7 43. Bc5 Bg2 44. Bb4 Bd5 45. Bc5 a5 46. Ke5 a4 47. Kf6 Bb3 48. Ke5 Kc8 49. Kd4 Kb7 50. Kc3 Ka6 51. Kb4 Bd1 52.
Be3 Kb7 53. Kc5 Bb3 54. Bf4 Bd5 55. Bg3 f5 56. Kb4 Bb3 57. Kc5 Bd1 58. Bf4 Bf3 59. Bg3 Be4 60. Bf4 Bc2 1/2-1/2